 Dungeon Crawl Stone Soup version 0.17-a0-1069-g92ad481 (webtiles) character file.

152412 Gorice the Tortoise (level 17, -4/156 HPs)
             Began as a Ghoul Wanderer on May 15, 2015.
             Was the Champion of Qazlal.
             Slain by a six-headed hydra (11 damage)
             ... on level 4 of the Swamp on May 17, 2015.
             The game lasted 04:23:47 (34545 turns).

Gorice the Tortoise (Ghoul Wanderer)               Turns: 34545, Time: 04:23:47

Health: -4/156     AC: 30    Str: 19    XL:     17   Next: 58%
Magic:  18/34      EV:  9    Int:  7    God:    Qazlal [******]
Gold:   3113       SH:  8    Dex: 12    Spells: 0 memorised, 16 levels left

rFire  . . .     SeeInvis .       - Unarmed
rCold  + + .     Clarity  +     I - +5 scale mail of Aramo {rC+ Regen+}
rNeg   + + +     SustAb   .     (no shield)
rPois  ∞         Gourm    .     J - +1 helmet
rElec  .         Spirit   .     P - +0 cloak
rCorr  .         Warding  .     (no gloves)
rMut   .         Stasis   .     u - +0 pair of boots
MR     +....                    k - amulet of clarity
Stlth  ..........               f - ring of flight
                                v - ring "Eharying" {rPois MP+9 AC+6 Slay+2}

@: about to teleport, grasped by roots, protected from physical damage, rotting,
repel missiles, very slow, somewhat resistant to hostile enchantments, extremely
unstealthy
A: rotting body, claws 1, carnivore 3, cold resistance 1, negative energy
resistance 3, slow healing 1, torment resistance, unbreathing
a: Upheaval, Elemental Force, Disaster Area, Renounce Religion, Evoke Flight


You were on level 4 of the Swamp.
You worshipped Qazlal.
Qazlal was exalted by your worship.
You were not hungry.

You visited 5 branches of the dungeon, and saw 32 of its levels.
You also visited: Labyrinth and Ossuary.

You collected 3426 gold pieces.
You spent 313 gold pieces at shops.

Inventory:

Hand weapons
 b - a +0 blowgun
Missiles
 p - 73 poisoned needles
 z - 6 poisoned javelins (quivered)
 G - 12 curare-tipped needles
 Y - 9 throwing nets
 Z - 875 stones
Armour
 u - a +0 pair of boots (worn)
 I - the +5 scale mail of Aramo (worn) {rC+ Regen+}
   (You found it on level 9 of the Dungeon)

   It protects you from cold.
   It increases your rate of regeneration.
 J - a +1 helmet (worn)
 P - a +0 cloak (worn)
Jewellery
 a - an uncursed ring of protection from magic
 d - an uncursed ring of fire
 f - a ring of flight (right claw)
 i - an uncursed ring of see invisible
 k - an amulet of clarity (around neck)
 v - the ring "Eharying" (left claw) {rPois MP+9 AC+6 Slay+2}
   (You found it on level 5 of the Dungeon)

   [ring of protection]

   It affects your AC (+6).
   It affects your accuracy and damage with ranged weapons and melee attacks
   (+2).
   It protects you from poison.
   It affects your magic capacity (+9).
 w - a +3 ring of protection
Magical devices
 h - a wand of polymorph (8)
 t - a wand of teleportation (4) {!d}
 C - a wand of fire (6)
 D - a wand of cold (8)
 M - a wand of digging (11)
 U - a wand of disintegration (5)
Scrolls
 c - 2 scrolls of teleportation {!r}
 l - 4 scrolls of fear {!r}
 q - 16 scrolls of remove curse
 E - 3 scrolls of torment {!r}
 H - a scroll of blinking
 L - 4 scrolls of identify
 N - 3 scrolls of fog
Potions
 j - 3 potions of resistance {!q}
 m - 5 potions of haste {!q}
 n - 5 potions of might {!q}
 o - 3 potions of cancellation {!q}
 y - 15 potions of curing
 A - 2 potions of invisibility {!q}
 F - a potion of agility {!q}
Miscellaneous
 s - a sack of spiders {used: 1}
 S - a lantern of shadows
Comestibles
 e - 24 meat rations {!e}
 g - 5 beef jerkies
 x - 2 chunks of flesh


   Skills:
 - Level 15.0 Fighting
   Level 1.7 Staves
 - Level 1.0 Throwing
 - Level 15.3 Armour
 + Level 8.6 Dodging
 - Level 2.1 Stealth
 - Level 15.0 Unarmed Combat
 - Level 12.7 Invocations
 * Level 8.5 Evocations


You had 16 spell levels left.
You didn't know any spells.

Dungeon Overview and Level Annotations

Branches:
Dungeon (15/15)            Temple (1/1) D:6            Lair (8/8) D:11
  Swamp (4/4) Lair:6        Snake (0/4) Lair:6        Slime (0/6) Lair:8
    Orc (4/4) D:12            Elf (0/3) Orc:3        Vaults (0/5) D:14
 Depths (0/5) D:15

Altars:
Ashenzari
Cheibriados
Dithmenos
Elyvilon
Fedhas
Gozag
Kikubaaqudgha
Makhleb
Nemelex Xobeh
Okawaru
Qazlal
Ru
Sif Muna
Trog
Vehumet
Xom
Yredelemnul
Zin
The Shining One
Beogh
Jiyva

Shops:
D:5 =   D:11 :   D:12 ([   Orc:4 [?}[

Portals:
Trove: D:10 (give +3 storm dragon armour)

Annotations:
Swamp:4 Fluffy's ghost, mighty HOFi


Innate Abilities, Weirdness & Mutations

Your body is rotting away.
You thrive on raw meat.
You are immune to poison.
You have sharp fingernails.
You are carnivorous and can eat meat at any time.
Your flesh is cold resistant.
You are immune to negative energy.
You heal slowly when monsters are visible.
You are immune to unholy pain and torment.
You can survive without breathing.


Message History

Unknown command.
You scratch the six-headed hydra.
The six-headed hydra begins to bleed from its wounds!
The six-headed hydra is moderately wounded.
You hear a loud, deep croak!
You hear a roar!
Your redback bites the six-headed hydra.
The six-headed hydra misses you.
The six-headed hydra bites you but does no damage.
The six-headed hydra barely misses you.
You block the six-headed hydra's attack. x2
The six-headed hydra bites you but does no damage.
The spriggan rider hits you but does no damage.
Unknown command.
Unknown command.
You claw the six-headed hydra!
The six-headed hydra is heavily wounded.
You hear a roar!
You hear a loud, deep croak!
Your redback barely misses the six-headed hydra.
The six-headed hydra bites you but does no damage.
The six-headed hydra barely misses you.
The six-headed hydra bites you but does no damage. x2
You block the six-headed hydra's attack.
The six-headed hydra bites you.
* * * LOW HITPOINT WARNING * * *
A six-headed hydra comes into view.
Damage: 3 (max 33) Unknown command.
Unknown command.
Unknown command.
Unknown command.
Unknown command.
You claw the six-headed hydra!
The six-headed hydra is heavily wounded.
You hear a roar!
Your redback splashes around in the water.
Your spider barely misses the six-headed hydra.
The spriggan rider hits you from afar with a spear.
* * * LOW HITPOINT WARNING * * *
The six-headed hydra bites your redback!
Your redback dies!
Your redback's corpse disappears in a puff of smoke!
The six-headed hydra bites you but does no damage.
The six-headed hydra closely misses you.
The six-headed hydra bites you.
* * * LOW HITPOINT WARNING * * *
You feel more protected from physical attacks.
The six-headed hydra bites you!
* * * LOW HITPOINT WARNING * * *
The six-headed hydra bites you!
You die...

≈≈≈≈..
♣≈≈≈.♣♣♣♣
♣♣♣≈D≈P.≈.♣♣
♣.≈≈≈≈≈.≈P≈♣
♣.≈≈≈≈≈.f≈.♣♣
♣♣♣.$$≈≈...≈.≈♣
..≈§≈..Di≈≈≈≈.♣
≈≈≈≈≈..≈§§§≈§.♣
..≈≈w...sD@≈≈♣♣
.≈≈≈≈.♣♣♣♣♣♣♣♣
≈≈≈≈≈$ ≈≈≈≈.
≈≈.≈♣ ♣♣♣n .≈!≈
≈≈.. ≈≈≈ ≈≈≈≈
.≈≈≈


You could see a shambling mangrove, 3 six-headed hydras, a spriggan rider, a
swamp worm and a friendly spider.

Vanquished Creatures
  Gastronok (Lair:1)
  A thorn hunter (Swamp:1)
  An orc warlord (Orc:3)
  Maud (Orc:4)
  Aizul (Swamp:3)
  Azrael (Orc:4)
  Snorg (Lair:8)
  A fire dragon (D:14)
  An ice dragon (Lair:8)
  Fannar (Lair:2)
  A minotaur (Lab)
  Harold (Orc:2)
  An ogre mage (D:15)
  2 ghost crabs
  13 hydras
  7 alligators
  7 centaur warriors
  A catoblepas (Lair:4)
  A queen ant (Lair:7)
  The ghost of inmateoo the Destroyer, a powerful DECj of Vehumet (D:12)
  3 orc high priests (Orc:4)
  Urug (D:14)
  5 death yaks (Lair:7)
  Nergalle (Lair:2)
  A skeletal warrior (D:15)
  3 unseen horrors
  The ghost of Ontamu the Grappler, an experienced VSMo of Ru (Lair:2)
  An iron troll (D:14)
  A swamp dragon (Swamp:4)
  7 ball lightnings (D:13)
  A spriggan druid (Swamp:4)
  4 hill giants
  2 shambling mangroves (Swamp:2)
  An ice statue (D:14)
  A phantasmal warrior (D:15)
  2 necromancers
  A wolf spider (Lair:8)
  2 lindwurms (Lair:8)
  2 hornets
  7 orc knights
  A stone giant zombie (D:15)
  12 ugly things
  5 cyclopes
  5 orc sorcerers (Orc:4)
  9 elephants
  2 manticores (D:13)
  A fire giant skeleton (D:15)
  11 black mambas
  4 centaur skeletons
  29 spiny frogs
  6 torpor snails (Lair:8)
  3 centaur zombies
  2 gargoyles (D:13)
  A guardian serpent (Lair:8)
  2 wandering mushrooms (Lair:4)
  4 fire drakes
  An elf (shapeshifter) (D:11)
  10 komodo dragons
  5 trolls
  A spriggan skeleton (D:15)
  An efreet (D:15)
  A yaktaur (shapeshifter) (D:14)
  2 freezing wraiths
  4 polar bears (Lair:3)
  A guardian mummy (D:15)
  A tengu conjurer (D:13)
  14 blink frogs
  8 wind drakes (D:13)
  2 slime creatures
  Prince Ribbit (D:8)
  8 bog bodies
  4 two-headed ogres
  10 giant leeches
  9 spriggans
  7 ravens
  4 boulder beetles (Lair:6)
  A deep troll skeleton (D:15)
  2 redbacks
  Sigmund (D:5)
  A deep elf mage (D:13)
  8 air elementals (D:13)
  37 yaks
  2 trapdoor spiders (D:15)
  A vampire (D:11)
  3 wraiths
  3 basilisks
  A shadow (D:13)
  A human (D:9)
  6 vampire mosquitoes
  2 wyverns
  A hungry ghost (D:13)
  3 fire elementals (Orc:4)
  11 hippogriffs
  2 mottled dragons
  17 wolves
  7 wargs
  16 insubstantial wisps (D:13)
  5 soldier ants (Lair:7)
  31 swamp worms
  4 hell hounds (Orc:4)
  14 water moccasins
  17 porcupines
  32 orc warriors
  A sky beast (D:9)
  6 spiders
  8 black bears
  13 wasps
  A necrophage (D:12)
  4 ice beasts
  4 swamp drakes
  21 crocodiles
  2 eyes of draining
  12 ogres
  2 phantoms
  15 centaurs
  2 big kobolds
  4 brain worms
  A gnoll sergeant (D:6)
  23 giant frogs
  6 scorpions
  A wyvern skeleton (D:14)
  20 killer bees
  An electric eel (Lair:6)
  6 wights
  A giant frog zombie (D:9)
  28 orc priests
  5 hounds
  A crimson imp (D:13)
  11 jellies
  A giant frog skeleton (D:9)
  45 orc wizards
  33 worker ants
  2 spectral orcs (Lair:2)
  A killer bee zombie (D:8)
  14 iguanas
  19 sheep
  2 hound skeletons (D:8)
  8 mummies (Ossuary)
  A worker ant zombie (D:6)
  6 gnolls (D:6)
  50 river rats
  23 adders
  4 shadow imps
  15 oozes
  An adder zombie (D:6)
  32 worms
  2 adder skeletons
  3 giant geckos
  205 orcs
  4 ball pythons
  A bat skeleton (D:5)
  A bat zombie (D:7)
  6 giant cockroaches
  20 goblins
  19 hobgoblins
  4 jackals (D:6)
  24 kobolds
  5 quokkas
  14 bats
  5 giant newts
  A gnoll zombie (Ossuary)
  3 hobgoblin zombies (Ossuary)
  A jackal zombie (D:8)
  3 kobold zombies (Ossuary)
  An orc zombie (Ossuary)
  A quokka skeleton (D:5)
  A quokka zombie (D:7)
  20 rats
  5 bushes
  71 fungi
  67 plants
1455 creatures vanquished.

Vanquished Creatures (others)
  6 ball lightnings (D:13)
  A raven (Swamp:4)
  A redback (Swamp:4)
  A trapdoor spider (Swamp:4)
  4 orcs (Orc:4)
  A goblin (Orc:4)
  34 fungi
  13 plants
61 creatures vanquished.

Grand Total: 1516 creatures vanquished

Notes
Turn   | Place    | Note
--------------------------------------------------------------
     0 | D:1      | Gorice the Ghoul Wanderer began the quest for the Orb.
     0 | D:1      | Gorice set off with: a +2 leather armour, a +0 quarterstaff, a scroll of teleportation {!r}, a +0 dagger, a meat ration {!e}
     0 | D:1      | Reached XP level 1. HP: 19/19 MP: 0/0
    98 | D:1      | Reached skill level 1 in Unarmed Combat
   127 | D:1      | Reached XP level 2. HP: 24/26 MP: 1/1
   226 | D:1      | Reached skill level 2 in Unarmed Combat
   381 | D:1      | Reached XP level 3. HP: 28/33 MP: 2/2
   741 | D:2      | HP: 7/33 [worm (9)]
   750 | D:2      | HP: 6/33 [adder (2)]
   766 | D:2      | HP: 3/33 [rat (3)]
   767 | D:2      | Reached skill level 4 in Fighting
   778 | D:2      | HP: 1/33 [kobold (2)]
  1040 | D:2      | Reached skill level 3 in Unarmed Combat
  1040 | D:2      | Reached XP level 4. HP: 39/39 MP: 3/3
  1854 | D:3      | Found a snail-covered altar of Cheibriados.
  2089 | D:3      | Reached XP level 5. HP: 47/47 MP: 4/4
  2370 | D:3      | Reached skill level 4 in Unarmed Combat
  2398 | D:3      | Found a radiant altar of Vehumet.
  3002 | D:4      | Reached skill level 5 in Fighting
  3002 | D:4      | Reached XP level 6. HP: 40/56 MP: 5/5
  3057 | D:4      | Noticed an ogre
  3080 | D:4      | Killed an ogre
  3080 | D:4      | Reached skill level 5 in Unarmed Combat
  3835 | D:5      | Entered Level 5 of the Dungeon
  3889 | D:5      | Got a coiled wooden ring
  3901 | D:5      | Identified the ring "Eharying" {rPois MP+9 AC+6 Slay+2} (You found it on level 5 of the Dungeon)
  3974 | D:5      | Found Onwyl's Jewellery Emporium.
  4091 | D:5      | Reached skill level 6 in Unarmed Combat
  4091 | D:5      | Reached XP level 7. HP: 60/62 MP: 6/6
  4108 | D:5      | Noticed Sigmund
  4114 | D:5      | Killed Sigmund
  4260 | D:5      | Reached skill level 6 in Fighting
  4260 | D:5      | Reached skill level 7 in Unarmed Combat
  4812 | D:6      | Noticed a yak
  4859 | D:5      | Killed a yak
  4859 | D:5      | Reached skill level 1 in Armour
  4859 | D:5      | Reached XP level 8. HP: 45/70 MP: 7/7
  4877 | D:6      | Noticed a yak
  4878 | D:6      | Noticed a yak
  4898 | D:5      | Killed a yak
  4898 | D:5      | Reached skill level 2 in Armour
  4898 | D:5      | Reached skill level 8 in Unarmed Combat
  4908 | D:5      | Killed a yak
  4908 | D:5      | Reached skill level 3 in Armour
  5036 | D:6      | Got an ichor-stained rapier
  5040 | D:5      | Identified the +7 rapier "Jocvil" {pierce, +Fly rF- Int+4 SInv} (You found it on level 6 of the Dungeon)
  5133 | D:6      | Reached skill level 9 in Unarmed Combat
  5198 | D:6      | Found a staircase to the Ecumenical Temple.
  5213 | D:6      | Reached skill level 4 in Armour
  5233 | Temple   | Entered the Ecumenical Temple
  5318 | Temple   | Became a worshipper of Qazlal Stormbringer
  5406 | D:6      | Found a deep blue altar of Sif Muna.
  5485 | D:6      | Reached XP level 9. HP: 65/78 MP: 8/8
  5947 | D:7      | Reached skill level 5 in Armour
  6049 | D:7      | Reached skill level 10 in Unarmed Combat
  6109 | D:7      | Acquired Qazlal's first power
  6948 | D:8      | Found a sand-covered staircase.
  6960 | Ossuary  | Entered an ossuary
  7005 | Ossuary  | Reached skill level 6 in Armour
  7214 | D:8      | Acquired Qazlal's second power
  7523 | D:8      | Reached skill level 11 in Unarmed Combat
  7668 | D:8      | Reached XP level 10. HP: 84/84 MP: 9/9
  7949 | D:8      | Found an opulent altar of Gozag.
  7951 | D:8      | Found a blossoming altar of Fedhas.
  7951 | D:8      | Noticed Prince Ribbit
  7952 | D:8      | Found a shadowy altar of Dithmenos.
  7964 | D:8      | Killed Prince Ribbit
  7964 | D:8      | Reached skill level 7 in Armour
  7977 | D:8      | Found a shimmering altar of Xom.
  7980 | D:8      | Found an iron altar of Okawaru.
  8155 | D:9      | Got a pitted scale mail
  8180 | D:9      | Identified the +5 scale mail of Aramo {rC+ Regen+} (You found it on level 9 of the Dungeon)
  8213 | D:9      | Got a ruby-encrusted ring mail
  8237 | D:9      | Identified the +5 ring mail "Qeuhet" {rF+ Int-4 Dex+4} (You found it on level 9 of the Dungeon)
  8503 | D:9      | Acquired Qazlal's third power
  9014 | D:9      | Reached skill level 8 in Armour
  9027 | D:9      | Reached skill level 12 in Unarmed Combat
  9051 | D:9      | Acquired Qazlal's fourth power
  9139 | D:10     | Entered Level 10 of the Dungeon
  9361 | D:10     | HP: 23/84 [orc warrior/halberd (18)]
  9364 | D:10     | HP: 6/84 [orc warrior/halberd (18)]
  9379 | D:9      | HP: 16/84 [orc wizard/magic dart (5)]
  9520 | D:10     | Noticed an unseen horror
  9525 | D:10     | Killed an unseen horror
  9648 | D:10     | Found a portal to a secret trove of treasure.
  9926 | D:10     | Reached skill level 9 in Armour
  9926 | D:10     | Reached XP level 11. HP: 74/91 MP: 10/10
 10023 | D:11     | Noticed a hill giant
 10048 | D:11     | Killed a hill giant
 10048 | D:11     | Reached skill level 13 in Unarmed Combat
 10123 | D:11     | Found a staircase to the Lair.
 10136 | Lair:1   | Entered Level 1 of the Lair of Beasts
 10305 | D:11     | Noticed a hill giant
 10315 | D:11     | Killed a hill giant
 10336 | D:11     | Noticed a centaur warrior
 10351 | D:11     | Killed a centaur warrior
 10351 | D:11     | Reached skill level 10 in Armour
 10367 | D:11     | Noticed an unseen horror
 10370 | D:11     | HP: 22/91 [unseen horror (shapeshifter) (9)]
 10374 | D:11     | an unseen horror changed into a black bear
 10510 | D:11     | Found Ytuaz's Book Boutique.
 11023 | D:11     | Noticed a seven-headed hydra
 11032 | D:11     | Killed a seven-headed hydra
 11131 | Lair:1   | Reached skill level 14 in Unarmed Combat
 11421 | Lair:1   | Noticed a five-headed hydra
 11427 | Lair:1   | Killed a five-headed hydra
 11430 | Lair:1   | Noticed Gastronok
 11604 | Lair:1   | Killed Gastronok
 11604 | Lair:1   | Reached skill level 11 in Armour
 11604 | Lair:1   | Reached XP level 12. HP: 59/97 MP: 11/11
 12194 | Lair:2   | Noticed Fannar
 12216 | Lair:2   | Killed Fannar
 12292 | Lair:2   | Noticed Nergalle
 12309 | Lair:2   | Killed Nergalle
 12420 | Lair:2   | Noticed Ontamu's ghost (experienced VSMo)
 12424 | Lair:2   | Acquired Qazlal's fifth power
 12424 | Lair:2   | Reached skill level 15 in Unarmed Combat
 12444 | Lair:2   | Killed Ontamu's ghost
 13154 | Lair:3   | Reached skill level 12 in Armour
 13172 | Lair:3   | Reached skill level 7 in Fighting
 14439 | Lair:4   | Reached skill level 8 in Fighting
 14439 | Lair:4   | Reached XP level 13. HP: 107/107 MP: 12/12
 14706 | Lair:4   | Reached skill level 13 in Armour
 14726 | Lair:4   | Noticed a catoblepas
 14736 | Lair:4   | Killed a catoblepas
 15252 | Lair:5   | Reached skill level 9 in Fighting
 15983 | Lair:5   | Identified a scroll of acquirement
 15984 | Lair:5   | Got a pair of faintly glowing gloves
 15990 | Lair:5   | Identified the +0 pair of gloves of Moibruf {rPois MR+} (You acquired it on level 5 of the Lair of Beasts)
 16255 | Lair:6   | Found a staircase to the Swamp.
 16297 | Lair:6   | Reached skill level 14 in Armour
 16372 | Lair:6   | Found a staircase to the Snake Pit.
 16587 | Lair:6   | Reached skill level 10 in Fighting
 17627 | Lair:6   | Upgraded the game from 0.17-a0-1046-ga09e34d to 0.17-a0-1056-g838d5c0
 17681 | Lair:7   | Reached XP level 14. HP: 113/122 MP: 13/13
 17930 | Lair:7   | Found a staircase to the Slime Pits.
 17930 | Lair:7   | Found a viscous altar of Jiyva.
 18011 | Lair:7   | Reached skill level 15 in Armour
 18096 | Lair:7   | Reached skill level 11 in Fighting
 18213 | Lair:7   | Reached skill level 1 in Invocations
 18821 | Lair:8   | Entered Level 8 of the Lair of Beasts
 18831 | Lair:8   | Reached skill level 2 in Invocations
 18886 | Lair:7   | Reached skill level 3 in Invocations
 18908 | Lair:8   | Noticed Snorg
 19055 | Lair:8   | Reached skill level 4 in Invocations
 19094 | Lair:8   | HP: 29/125 [spiny frog (18)]
 19107 | Lair:8   | HP: 32/125 [spiny frog (5)]
 19110 | Lair:7   | HP: 11/125 [spiny frog (19)]
 19116 | Lair:7   | HP: 26/125 [redback (8)]
 19238 | Lair:8   | Killed Snorg
 19238 | Lair:8   | Reached skill level 12 in Fighting
 19252 | Lair:7   | Reached skill level 5 in Invocations
 19516 | Lair:8   | Reached skill level 6 in Invocations
 19860 | Lair:8   | Reached XP level 15. HP: 134/134 MP: 19/19
 20125 | Lair:8   | Reached skill level 7 in Invocations
 20185 | Lair:8   | Reached skill level 13 in Fighting
 20202 | Lair:8   | Found a runed door.
 20766 | Lair:8   | Found a staircase to the Slime Pits.
 21190 | D:12     | Reached skill level 8 in Invocations
 21431 | D:12     | Found Dyatajops's Armour Boutique.
 21431 | D:12     | Found a staircase to the Orcish Mines.
 21433 | D:12     | Found Geple's Weapon Boutique.
 21444 | D:12     | Noticed inmateoo's ghost (powerful DECj)
 21471 | D:12     | Killed inmateoo's ghost
 21567 | D:12     | Identified Xosint's Compendium of Aerial Combat Magic
 22283 | Orc:1    | Entered Level 1 of the Orcish Mines
 22599 | Orc:2    | Noticed Harold
 22615 | Orc:2    | Killed Harold
 22637 | Orc:2    | Found a roughly hewn altar of Beogh.
 23127 | Orc:1    | Reached skill level 9 in Invocations
 23420 | Orc:3    | Found a staircase to the Elven Halls.
 24196 | Orc:3    | Reached skill level 14 in Fighting
 24455 | Orc:4    | Entered Level 4 of the Orcish Mines
 24471 | Orc:4    | Noticed Azrael
 24499 | Orc:4    | HP: 41/138 [burnt (2)]
 24502 | Orc:4    | Killed Azrael
 24504 | Orc:4    | HP: 40/138 [burnt (2)]
 24807 | Orc:4    | Noticed Maud
 24817 | Orc:4    | Killed Maud
 24897 | Orc:4    | Reached skill level 10 in Invocations
 24904 | Orc:4    | Paralysed by an orc sorcerer for 6 turns
 24958 | Orc:4    | HP: 31/136 [orc knight/dire flail (11)]
 24968 | Orc:4    | HP: 27/136 [orc warrior/long sword of protection (7)]
 25060 | Orc:4    | Paralysed by an orc sorcerer for 6 turns
 25177 | Orc:4    | Found Estro Joe's Armour Shop.
 25246 | Orc:4    | Found Fuamm's Magic Scroll Shoppe.
 25247 | Orc:4    | Found Cuhe's Weapon Shop.
 25248 | Orc:4    | Found Pafaih's Gadget Shoppe.
 25290 | Orc:4    | Bought a +0 cloak for 72 gold pieces
 25515 | Orc:4    | Found Plog's Armour Shop.
 25601 | Orc:4    | Bought a scroll of torment for 82 gold pieces
 25601 | Orc:4    | Bought a scroll of identify for 22 gold pieces
 25601 | Orc:4    | Bought a scroll of identify for 22 gold pieces
 25601 | Orc:4    | Bought a scroll of fear for 38 gold pieces
 25601 | Orc:4    | Bought a scroll of identify for 22 gold pieces
 25601 | Orc:4    | Bought a scroll of teleportation for 33 gold pieces
 25601 | Orc:4    | Bought a scroll of identify for 22 gold pieces
 25907 | D:13     | Found a large runed door.
 25908 | D:13     | Found a large runed door.
 26132 | D:13     | Found a large runed door.
 26136 | D:13     | Found a large runed door.
 26188 | D:13     | Reached skill level 15 in Fighting
 26188 | D:13     | Reached XP level 16. HP: 87/149 MP: 23/23
 26195 | D:13     | Reached skill level 11 in Invocations
 26285 | D:13     | Found a large runed door.
 26296 | D:13     | Found a large runed door.
 26559 | D:13     | HP: 40/149 [insubstantial wisp (8)]
 26571 | D:13     | Reached skill level 2 in Dodging
 26793 | D:13     | Found a large runed door.
 26797 | D:13     | Found a large runed door.
 26997 | D:13     | Reached skill level 3 in Dodging
 27509 | D:13     | Reached skill level 4 in Dodging
 27771 | D:13     | Upgraded the game from 0.17-a0-1056-g838d5c0 to 0.17-a0-1069-g92ad481
 27943 | D:13     | Reached skill level 12 in Invocations
 28071 | D:14     | Found a labyrinth entrance.
 28092 | Lab      | Entered a labyrinth
 28186 | Lab      | Identified the Almanac of Clay
 28189 | Lab      | Identified the Handbook of Helpful Translocation
 28197 | Lab      | Got a sapphire short sword
 28362 | D:14     | Noticed Urug
 28368 | D:14     | Killed Urug
 28391 | D:14     | Reached skill level 5 in Dodging
 29179 | D:14     | Found a gate to the Vaults.
 29456 | D:14     | Identified the +3 short sword of Circularity {flame, *Rage rPois Int+4 Dex+3} (You found it in a labyrinth)
 29750 | D:13     | Reached skill level 6 in Dodging
 29855 | D:13     | Reached skill level 2 in Evocations
 29878 | D:13     | Got a smoking great mace
 29879 | D:13     | Identified the +7 great mace of Qull {freeze, rC- Str+4 Dex+3} (You found it on level 13 of the Dungeon)
 30061 | D:15     | Entered Level 15 of the Dungeon
 30105 | D:15     | Reached skill level 3 in Evocations
 30306 | D:15     | Reached skill level 4 in Evocations
 30334 | D:15     | Found a staircase to the Depths.
 30559 | D:15     | Got a heavily jewelled robe
 30560 | D:15     | Identified the +2 robe of Cid Nov {Str+9} (You found it on level 15 of the Dungeon)
 31256 | D:6      | Identified Sif Muna's Guide on Self-Knowledge
 31518 | Swamp:1  | Entered Level 1 of the Swamp
 31554 | Swamp:1  | Reached skill level 7 in Dodging
 31557 | Swamp:1  | Reached skill level 5 in Evocations
 31563 | Swamp:1  | Reached XP level 17. HP: 68/156 MP: 25/25
 31564 | Swamp:1  | Noticed a thorn hunter
 31702 | Swamp:1  | Killed a thorn hunter
 31830 | Swamp:1  | Reached skill level 6 in Evocations
 32400 | Swamp:1  | Got a crude robe
 32808 | Swamp:2  | Reached skill level 7 in Evocations
 32909 | Swamp:2  | Reached skill level 8 in Dodging
 33518 | Swamp:3  | Noticed Aizul
 33538 | Swamp:3  | Killed Aizul
 33954 | Swamp:3  | Reached skill level 8 in Evocations
 34451 | Swamp:4  | Entered Level 4 of the Swamp
 34453 | Swamp:4  | Noticed Fluffy's ghost (mighty HOFi)
 34493 | Swamp:4  | HP: 36/156 [Fluffy's ghost (15)]
 34527 | Swamp:4  | HP: 46/156 [four-headed hydra (6)]
 34531 | Swamp:4  | HP: 16/156 [four-headed hydra (9)]
 34532 | Swamp:4  | HP: 7/156 [four-headed hydra (9)]
 34544 | Swamp:4  | HP: 19/156 [six-headed hydra (3)]
 34545 | Swamp:4  | HP: 7/156 [six-headed hydra (7)]
 34545 | Swamp:4  | Slain by a six-headed hydra

Vault maps used:
D:1:      minmay_arrival_four_circles, serial_bayou_pond_d
D:2:      first_bread, minmay_misc_feat_ornament
D:3:      vehumet_crystals, lemuel_coloured_pillars_altar
D:4:      minmay_unequal
D:5:      serial_shops, shop, uniq_sigmund
D:6:      minmay_temple_entry_statues, led_sif_book
D:8:      minmay_ornate_pinched, minmay_overflow_temple_star_hex,
          enter_ossuary_5, uniq_prince_ribbit1
D:9:      lemuel_slime, grunt_livestock, abandoned_shop
D:10:     trove_entry_hex_spiral, kennysheep_dice
D:11:     david_lair_generic, serial_shops, shop, minmay_radiant
D:12:     orc_david_3
D:13:     minmay_five_octagons, aerie_lemuel
D:14:     david_vaults_4, portal_ice_cave_entry_ice_statue_01,
          minmay_door_square, lab_entry_generic, minivault_25_ag, uniq_urug
D:15:     gammafunk_depths_entry_grave, minmay_misc_feat_cross, hive_lemuel
Temple:   circular_temple_12
Lair:1:   grunt_megastairs_3, infiniplex_staircase_pool, uniq_gastronok
Lair:2:   lemuel_fruit_tree, uniq_fannar, uniq_nergalle
Lair:3:   beast_lair_carwin_large_3, cheibrodos_lair_reptile_den
Lair:4:   fungi_pond_lemuel, grunt_megastairs_2, infiniplex_staircase_pool_2
Lair:5:   bh_autumn_forest_stairs
Lair:6:   boulder_quad_collide, swamp_mist_pool, dummy_snake_entry, worms_lemuel
Lair:7:   slime_altar_1, minmay_another_anthill
Lair:8:   wormcave, hangedman_lair_tendril_chambers, slime_dummy, uniq_snorg
Swamp:1:  nicolae_swamp_round_clearing
Swamp:2:  serial_swamp_ruin, evilmike_swamp_ruin_house_1,
          hangedman_swamp_ruin_hall, evilmike_swamp_ruin_house_2
Swamp:3:  nicolae_swamp_triple_paths, uniq_aizul
Swamp:4:  swamp
Orc:2:    basic_altar, uniq_harold
Orc:3:    nicolae_orc_pool_cavern, nicolae_orc_bridge_out
Orc:4:    st_orc_elflike, serial_shops, nicolae_shop_window_shopping,
          lightli_orcish_oven, uniq_maud, uniq_azrael
Lab:      nicolae_lab_dead_adventurers, labyrinth_skeletal_remains
Ossuary:  ossuary_tomb_3

Action                   |  1- 3 |  4- 6 |  7- 9 | 10-12 | 13-15 | 16-18 || total
-------------------------+-------+-------+-------+-------+-------+-------++-------
Melee: Quarterstaff      |    84 |       |       |       |       |       ||    84
       Unarmed           |    33 |   210 |   357 |   649 |  1725 |  1049 ||  4023
 Fire: Hunting sling     |       |    40 |    40 |     8 |       |       ||    88
       Blowgun           |       |    13 |    42 |    23 |     2 |     2 ||    82
Throw: Stone             |    31 |     6 |     4 |     4 |       |       ||    45
       Javelin           |       |       |       |     8 |     1 |     2 ||    11
       Throwing net      |       |       |       |     1 |       |       ||     1
       Tomahawk          |       |       |       |     1 |       |       ||     1
Invok: Upheaval          |       |       |       |       |     8 |    20 ||    28
 Abil: Evoke Flight      |       |       |       |       |       |    29 ||    29
       Stop Flying       |       |       |       |       |       |    16 ||    16
Evoke: Wand              |       |       |       |       |       |     4 ||     4
       Sack of spiders   |       |       |       |       |       |     1 ||     1
  Use: Scroll            |     3 |     7 |     5 |    14 |    13 |     8 ||    50
       Potion            |       |       |       |     1 |     1 |     3 ||     5
 Stab: Sleeping          |       |     2 |       |       |       |       ||     2
       Confused          |       |       |       |       |       |     1 ||     1
       Distracted        |       |       |       |       |       |     1 ||     1
  Eat: Chunk             |    15 |    30 |    41 |    54 |   201 |   133 ||   474

Table legend:
 A = Turns spent in this place as a percentage of turns spent in the entire game.
 B = Non-inter-level travel turns spent in this place as a percentage of non-inter-level travel turns spent in the entire game.
 C = Inter-level travel turns spent in this place as a percentage of turns spent in this place.
 D = Turns resting spent in this place as a percentage of non-inter-level travel turns spent in this place.
 E = Turns spent auto-exploring this place as a percentage of non-inter-level travel turns spent in this place.
 F = Non-inter-level travel turns spent in this place divided by the number of levels of this place that you've seen.
                   A       B       C       D       E      F
               +-------+-------+-------+-------+-------+----------------------
         Total | 100.0 | 100.0 |   0.6 |   0.5 |   3.4 | 464.6
       Dungeon |  51.3 |  51.4 |   0.5 |   0.5 |   3.5 | 541.2
        Temple |   0.2 |   0.2 |   2.8 |   0.0 |  20.0 |  35.0
          Lair |  26.6 |  26.5 |   0.7 |   0.7 |   3.8 | 524.2
         Swamp |   8.1 |   8.1 |   0.4 |   0.8 |   4.2 | 321.2
  Orcish Mines |  11.1 |  11.1 |   0.8 |   0.0 |   2.2 | 438.0
     Labyrinth |   0.6 |   0.7 |   0.0 |   0.0 |   0.0 | 103.0
       Ossuary |   2.0 |   2.0 |   0.0 |   0.0 |   0.3 | 311.0
               +-------+-------+-------+-------+-------+----------------------

Vault maps used:
D:1:      minmay_arrival_four_circles, serial_bayou_pond_d
D:2:      first_bread, minmay_misc_feat_ornament
D:3:      vehumet_crystals, lemuel_coloured_pillars_altar
D:4:      minmay_unequal
D:5:      serial_shops, shop, uniq_sigmund
D:6:      minmay_temple_entry_statues, led_sif_book
D:8:      minmay_ornate_pinched, minmay_overflow_temple_star_hex,
          enter_ossuary_5, uniq_prince_ribbit1
D:9:      lemuel_slime, grunt_livestock, abandoned_shop
D:10:     trove_entry_hex_spiral, kennysheep_dice
D:11:     david_lair_generic, serial_shops, shop, minmay_radiant
D:12:     orc_david_3
D:13:     minmay_five_octagons, aerie_lemuel
D:14:     david_vaults_4, portal_ice_cave_entry_ice_statue_01,
          minmay_door_square, lab_entry_generic, minivault_25_ag, uniq_urug
D:15:     gammafunk_depths_entry_grave, minmay_misc_feat_cross, hive_lemuel
Temple:   circular_temple_12
Lair:1:   grunt_megastairs_3, infiniplex_staircase_pool, uniq_gastronok
Lair:2:   lemuel_fruit_tree, uniq_fannar, uniq_nergalle
Lair:3:   beast_lair_carwin_large_3, cheibrodos_lair_reptile_den
Lair:4:   fungi_pond_lemuel, grunt_megastairs_2, infiniplex_staircase_pool_2
Lair:5:   bh_autumn_forest_stairs
Lair:6:   boulder_quad_collide, swamp_mist_pool, dummy_snake_entry, worms_lemuel
Lair:7:   slime_altar_1, minmay_another_anthill
Lair:8:   wormcave, hangedman_lair_tendril_chambers, slime_dummy, uniq_snorg
Swamp:1:  nicolae_swamp_round_clearing
Swamp:2:  serial_swamp_ruin, evilmike_swamp_ruin_house_1,
          hangedman_swamp_ruin_hall, evilmike_swamp_ruin_house_2
Swamp:3:  nicolae_swamp_triple_paths, uniq_aizul
Swamp:4:  swamp
Orc:2:    basic_altar, uniq_harold
Orc:3:    nicolae_orc_pool_cavern, nicolae_orc_bridge_out
Orc:4:    st_orc_elflike, serial_shops, nicolae_shop_window_shopping,
          lightli_orcish_oven, uniq_maud, uniq_azrael
Lab:      nicolae_lab_dead_adventurers, labyrinth_skeletal_remains
Ossuary:  ossuary_tomb_3
